[ AOE2 MATCH · #506615167 ]
UnrankedShu vs Burgundians
Player's team · WIN
[ REPLAY ANALYSIS · EXTRACTED FROM THE RECORDED GAME ]
Feudal
8:52
Castle
21:08
Imperial
32:20
| APM avg | 75.1 |
| APM peak | 113 |
| eAPM avg | 30.6 |
| Villagers / military | 169 / 191 |
Focus
⚔️ 48.3% · 🌾 51.7%
Archer ×136 · Spearman ×46 · Scout Cavalry ×6 · Militia ×3 · Unknown (1942) ×2
Feudal
9:16
Castle
20:57
Imperial
40:43
| APM avg | 63.7 |
| APM peak | 98 |
| eAPM avg | 28.5 |
| Villagers / military | 106 / 147 |
Focus
⚔️ 34.0% · 🌾 66.0%
Knight ×104 · Spearman ×18 · Scout Cavalry ×12 · Battering Ram ×7 · Monk ×6
Match map
Initial resources + every placement click. Lines = walls · curves = elevation contours. ◆ gold · ⬟ stone · ● berries · ✦ relic · ◌ wall gap
Your base· ✓ Closed at 21:08 · 47t walls · 1 gate(s)
beadir's base· Open — unwalled flank
Smoothed initial terrain · ◌ = detected wall gap · hover for details
Inputs per minute
— unfold - - beadir
Build order — unfold
First 150 of 519 actions detected
| 0:00 | Create | Villager (Male) |
| 0:00 | Create | Villager (Male) |
| 0:01 | Build | House |
| 0:02 | Build | House |
| 0:12 | Create | Villager (Male) |
| 0:13 | Create | Villager (Male) |
| 1:26 | Create | Villager (Male) |
| 1:59 | Create | Villager (Male) |
| 2:12 | Build | Lumber Camp |
| 2:21 | Create | Villager (Male) |
| 2:38 | Build | House |
| 2:48 | Create | Villager (Male) |
| 2:53 | Create | Villager (Male) |
| 3:47 | Create | Villager (Male) |
| 3:48 | Create | Villager (Male) |
| 4:10 | Create | Villager (Male) |
| 4:53 | Create | Villager (Male) |
| 4:59 | Create | Villager (Male) |
| 5:29 | Build | Barracks |
| 5:43 | Create | Villager (Male) |
| 6:00 | Research | Loom |
| 6:18 | Build | House |
| 6:39 | Research | Feudal Age |
| 6:41 | Create | Militia |
| 6:46 | Build | Palisade Wall |
| 7:07 | Create | Militia |
| 7:24 | Create | Militia |
| 7:37 | Build | Mill |
| 8:24 | Build | House |
| 8:30 | Create | Villager (Male) |
| 8:52 | Age | Feudal Age |
| 8:54 | Research | Man-at-Arms (upgrade) |
| 8:54 | Research | Man-at-Arms (upgrade) |
| 8:55 | Research | Double-Bit Axe |
| 9:00 | Build | Palisade Wall |
| 9:01 | Build | Palisade Wall |
| 9:10 | Create | Villager (Male) |
| 9:13 | Create | Villager (Male) |
| 9:34 | Create | Villager (Male) |
| 9:36 | Build | Farm |
| 9:38 | Build | Farm |
| 9:44 | Create | Villager (Male) |
| 9:46 | Build | Farm |
| 10:05 | Create | Villager (Male) |
| 10:07 | Build | House |
| 10:23 | Create | Villager (Male) |
| 10:25 | Build | Farm |
| 10:42 | Build | House |
| 10:52 | Create | Villager (Male) |
| 11:00 | Create | Villager (Male) |
| 11:02 | Build | Palisade Wall |
| 11:14 | Create | Villager (Male) |
| 11:32 | Create | Villager (Male) |
| 11:34 | Build | Farm |
| 11:35 | Build | Farm |
| 11:43 | Build | Palisade Wall |
| 11:57 | Build | Farm |
| 12:09 | Create | Villager (Male) |
| 12:11 | Build | Farm |
| 12:34 | Create | Villager (Male) |
| 12:35 | Build | Farm |
| 12:36 | Build | Farm |
| 12:39 | Create | Villager (Male) |
| 12:40 | Build | House |
| 12:42 | Build | Palisade Wall |
| 12:59 | Build | Farm |
| 13:08 | Build | Farm |
| 13:12 | Build | Palisade Wall |
| 13:15 | Create | Villager (Male) |
| 13:53 | Create | Villager (Male) |
| 13:56 | Build | Stable |
| 14:08 | Create | Villager (Male) |
| 14:14 | Create | Villager (Male) |
| 14:24 | Build | House |
| 14:27 | Build | Farm |
| 14:31 | Build | Mining Camp |
| 14:40 | Build | Palisade Wall |
| 14:43 | Create | Villager (Male) |
| 15:11 | Create | Villager (Male) |
| 15:12 | Create | Scout Cavalry |
| 15:13 | Create | Scout Cavalry |
| 15:13 | Create | Scout Cavalry |
| 15:30 | Create | Spearman |
| 15:30 | Create | Spearman |
| 15:32 | Create | Villager (Male) |
| 15:35 | Build | Farm |
| 15:37 | Build | Farm |
| 15:50 | Build | House |
| 15:51 | Build | Palisade Wall |
| 15:52 | Create | Spearman |
| 15:54 | Create | Scout Cavalry |
| 15:58 | Build | House |
| 16:10 | Create | Villager (Male) |
| 16:16 | Create | Scout Cavalry |
| 16:17 | Create | Spearman |
| 16:25 | Build | Blacksmith |
| 16:29 | Build | Farm |
| 16:30 | Create | Villager (Male) |
| 16:48 | Build | House |
| 16:59 | Build | Palisade Gate |
| 17:04 | Build | Farm |
| 17:05 | Create | Villager (Male) |
| 17:08 | Create | Scout Cavalry |
| 17:15 | Build | Palisade Wall |
| 17:38 | Create | Villager (Male) |
| 17:42 | Build | Farm |
| 17:42 | Build | Farm |
| 17:48 | Build | House |
| 18:06 | Build | Farm |
| 18:20 | Research | Horse Collar |
| 18:20 | Research | Gold Mining |
| 18:21 | Research | Gold Mining |
| 18:25 | Research | Castle Age |
| 18:48 | Build | Lumber Camp |
| 18:53 | Build | Palisade Wall |
| 18:55 | Build | Palisade Wall |
| 19:12 | Build | House |
| 19:38 | Build | Archery Range |
| 19:39 | Build | Archery Range |
| 19:51 | Research | Fletching |
| 19:52 | Research | Fletching |
| 19:59 | Build | House |
| 20:42 | Create | Archer |
| 20:43 | Create | Archer |
| 21:00 | Create | Villager (Male) |
| 21:08 | Age | Castle Age |
| 21:10 | Research | Light Cavalry (upgrade) |
| 21:11 | Create | Villager (Male) |
| 21:13 | Build | Town Center |
| 21:19 | Research | Crossbowman (upgrade) |
| 21:19 | Research | Bodkin Arrow |
| 21:22 | Create | Archer |
| 21:23 | Create | Villager (Male) |
| 21:25 | Build | Town Center |
| 21:29 | Create | Villager (Male) |
| 21:50 | Create | Villager (Male) |
| 21:58 | Create | Villager (Male) |
| 21:58 | Create | Villager (Male) |
| 21:59 | Build | Farm |
| 22:00 | Build | Farm |
| 22:22 | Create | Villager (Male) |
| 22:25 | Build | Farm |
| 22:25 | Create | Villager (Male) ×4 |
| 22:28 | Create | Archer |
| 22:29 | Create | Archer |
| 22:29 | Create | Archer |
| 22:31 | Create | Villager (Male) |
| 22:33 | Build | Farm |
| 22:34 | Build | Farm |
| 22:43 | Create | Villager (Male) |
Build order — beadir
First 150 of 399 actions detected
| 0:01 | Create | Villager (Male) |
| 0:03 | Build | House |
| 0:04 | Build | House |
| 0:08 | Create | Villager (Male) |
| 0:11 | Create | Villager (Male) |
| 0:19 | Create | Villager (Male) |
| 1:32 | Create | Villager (Male) |
| 1:32 | Create | Villager (Male) |
| 2:02 | Create | Villager (Male) |
| 2:24 | Create | Villager (Male) |
| 2:39 | Build | Lumber Camp |
| 2:47 | Build | House |
| 2:51 | Create | Villager (Male) |
| 2:56 | Create | Villager (Male) |
| 3:21 | Create | Villager (Male) |
| 4:00 | Create | Villager (Male) |
| 4:08 | Research | Double-Bit Axe |
| 4:08 | Research | Double-Bit Axe |
| 4:33 | Create | Villager (Male) |
| 4:49 | Create | Villager (Male) |
| 4:56 | Build | Mill |
| 5:19 | Create | Villager (Male) |
| 5:22 | Create | Villager (Male) |
| 5:32 | Build | House |
| 5:42 | Create | Villager (Male) |
| 6:26 | Research | Loom |
| 7:04 | Research | Feudal Age |
| 7:04 | Research | Feudal Age |
| 7:15 | Build | Palisade Wall |
| 7:16 | Build | House |
| 8:05 | Build | Barracks |
| 8:31 | Create | Villager (Male) |
| 9:13 | Create | Villager (Male) |
| 9:16 | Age | Feudal Age |
| 9:19 | Research | Bow Saw |
| 9:22 | Create | Spearman |
| 9:29 | Research | Town Watch |
| 9:41 | Create | Villager (Male) |
| 9:43 | Create | Spearman |
| 9:54 | Build | Palisade Wall |
| 9:56 | Build | House |
| 10:02 | Build | House |
| 10:19 | Create | Villager (Male) |
| 10:32 | Build | Farm |
| 10:37 | Create | Villager (Male) |
| 10:38 | Create | Spearman |
| 10:41 | Research | Horse Collar |
| 10:42 | Create | Villager (Male) |
| 10:55 | Build | Farm |
| 11:01 | Create | Villager (Male) |
| 11:20 | Create | Spearman |
| 11:24 | Build | Farm |
| 11:25 | Build | Farm |
| 11:31 | Research | Heavy Plow |
| 11:31 | Research | Heavy Plow |
| 11:43 | Build | Farm |
| 11:44 | Build | Farm |
| 11:46 | Build | Farm |
| 12:09 | Create | Villager (Male) |
| 12:12 | Build | Stable |
| 12:27 | Create | Villager (Male) |
| 12:32 | Build | Farm |
| 12:35 | Build | Farm |
| 12:36 | Build | Farm |
| 12:39 | Build | Farm |
| 12:53 | Create | Villager (Male) |
| 12:55 | Build | Farm |
| 13:01 | Create | Villager (Male) |
| 13:11 | Create | Spearman |
| 13:14 | Build | Farm |
| 13:27 | Create | Villager (Male) |
| 13:31 | Create | Villager (Male) |
| 13:35 | Create | Scout Cavalry |
| 13:40 | Build | Farm |
| 13:57 | Create | Villager (Male) |
| 14:08 | Create | Villager (Male) |
| 14:11 | Build | House |
| 14:13 | Build | House |
| 14:14 | Create | Villager (Male) |
| 14:23 | Create | Villager (Male) |
| 14:28 | Build | Farm |
| 14:37 | Create | Villager (Male) |
| 14:55 | Build | Palisade Gate |
| 14:57 | Build | House |
| 14:58 | Build | Palisade Wall |
| 15:15 | Research | Wheelbarrow |
| 15:33 | Build | Mining Camp |
| 15:41 | Create | Villager (Male) |
| 15:47 | Build | Palisade Wall |
| 15:53 | Build | Palisade Wall |
| 15:55 | Build | Palisade Wall |
| 16:00 | Create | Villager (Male) |
| 16:06 | Build | Blacksmith |
| 16:07 | Build | House |
| 16:07 | Build | House |
| 16:32 | Research | Gold Mining |
| 16:32 | Research | Gold Mining |
| 16:48 | Build | House |
| 16:56 | Create | Villager (Male) |
| 17:08 | Create | Villager (Male) |
| 17:18 | Create | Scout Cavalry |
| 17:40 | Create | Spearman |
| 17:40 | Create | Spearman |
| 17:45 | Create | Spearman |
| 17:54 | Create | Scout Cavalry |
| 18:07 | Build | House |
| 18:17 | Research | Castle Age |
| 18:27 | Build | House |
| 18:30 | Create | Scout Cavalry |
| 18:31 | Create | Spearman |
| 18:36 | Build | Palisade Gate |
| 18:37 | Build | Palisade Wall |
| 18:49 | Create | Scout Cavalry |
| 18:57 | Create | Spearman |
| 18:59 | Build | House |
| 19:02 | Create | Scout Cavalry |
| 19:13 | Build | House |
| 19:14 | Build | House |
| 19:28 | Research | Forging |
| 19:51 | Research | Gold Shaft Mining |
| 19:57 | Build | Market |
| 20:47 | Build | Market |
| 20:50 | Build | House |
| 20:57 | Age | Castle Age |
| 20:57 | Create | Villager (Male) |
| 21:00 | Research | Two-Man Saw |
| 21:01 | Create | Villager (Male) |
| 21:05 | Build | Town Center |
| 21:11 | Research | Light Cavalry (upgrade) |
| 21:25 | Create | Spearman |
| 21:26 | Create | Villager (Male) |
| 21:27 | Create | Spearman |
| 21:31 | Build | House |
| 21:33 | Build | House |
| 21:37 | Create | Spearman |
| 21:53 | Create | Spearman |
| 21:56 | Create | Spearman |
| 22:05 | Create | Spearman |
| 22:25 | Create | Villager (Male) |
| 22:29 | Create | Villager (Male) |
| 22:32 | Create | Villager (Male) |
| 22:32 | Create | Villager (Male) |
| 22:46 | Create | Scout Cavalry |
| 22:47 | Create | Villager (Male) |
| 22:55 | Build | Town Center |
| 23:10 | Build | Palisade Gate |
| 23:12 | Build | House |
| 23:53 | Create | Villager (Male) |
| 24:12 | Create | Scout Cavalry |
| 24:12 | Create | Scout Cavalry |
Match timeline
| 5:29 | unfold · first_building Barracks |
| 6:46 | unfold · wall_segment Palisade Wall x3 |
| 7:15 | beadir · wall_segment Palisade Wall x1 |
| 8:05 | beadir · first_building Barracks |
| 8:52 | unfold · age_up feudal |
| 9:00 | unfold · wall_segment Palisade Wall x2 |
| 9:01 | unfold · wall_segment Palisade Wall x3 |
| 9:16 | beadir · age_up feudal |
| 9:54 | beadir · wall_segment Palisade Wall x1 |
| 11:02 | unfold · wall_segment Palisade Wall x4 |
| 11:43 | unfold · wall_segment Palisade Wall x5 |
| 12:12 | beadir · first_building Stable |
| 12:42 | unfold · wall_segment Palisade Wall x7 |
| 13:12 | unfold · wall_segment Palisade Wall x3 |
| 13:56 | unfold · first_building Stable |
| 14:40 | unfold · wall_segment Palisade Wall x4 |
| 14:58 | beadir · wall_segment Palisade Wall x1 |
| 15:47 | beadir · wall_segment Palisade Wall x1 |
| 15:51 | unfold · wall_segment Palisade Wall x8 |
| 15:53 | beadir · wall_segment Palisade Wall x10 |
| 15:55 | beadir · wall_segment Palisade Wall x5 |
| 17:15 | unfold · wall_segment Palisade Wall x5 |
| 18:37 | beadir · wall_segment Palisade Wall x1 |
| 18:53 | unfold · wall_segment Palisade Wall x8 |
| 18:55 | unfold · wall_segment Palisade Wall x1 |
| 19:38 | unfold · first_building Archery Range |
| 20:57 | beadir · age_up castle |
| 21:08 | unfold · age_up castle |
| 25:03 | beadir · first_building Monastery |
| 26:05 | unfold · wall_segment Palisade Wall x1 |
| 26:36 | beadir · first_market_buy 100 food |
| 28:03 | unfold · first_building Monastery |
| 28:44 | unfold · first_building Castle |
| 29:36 | beadir · first_building Siege Workshop |
| 29:53 | beadir · first_market_sell 500 wood |
| 30:18 | unfold · first_building Siege Workshop |
| 32:20 | unfold · age_up imperial |
| 35:57 | unfold · wall_segment Palisade Wall x1 |
| 36:09 | unfold · wall_segment Palisade Wall x1 |
| 36:30 | unfold · wall_segment Palisade Wall x1 |
| 36:39 | unfold · wall_segment Palisade Wall x1 |
| 36:45 | unfold · wall_segment Palisade Wall x1 |
| 36:50 | unfold · wall_segment Palisade Wall x2 |
| 37:32 | unfold · first_market_sell 500 wood |
| 40:43 | beadir · age_up imperial |
| 42:02 | beadir · resign |
[ AI ANALYSIS · 1 CREDIT ]
What really happened in this match?
Wolo.gg analyzes every decision: build order, eco, micro, common mistakes by bracket. Personalized analysis on WhatsApp or Discord in 30 seconds.
Civ guide
Shu
Perfil
Jugador #20944940